 Dungeon Crawl Stone Soup version 0.20.1-1-g8b1a95d (webtiles) character file.

623 polve the Slasher (level 7, -5/35 HPs)
             Began as a Vine Stalker Fighter on July 28, 2017.
             Killed by divine providence
             ... invoked by an orc priest
              (8 damage)
             ... on level 4 of the Dungeon.
             The game lasted 00:04:18 (3196 turns).

polve the Slasher (Vine Stalker Fighter)            Turns: 3196, Time: 00:04:19

Health: -5/35      AC:  9    Str: 19    XL:     7   Next: 46%
Magic:  0/8        EV:  4    Int:  8    God:
Gold:   194        SH:  9    Dex: 15    Spells: 6/6 levels left

rFire    . . .     SeeInvis .   a - +0 long sword
rCold    . . .     Gourm    .   c - +0 shield
rNeg     . . .     Faith    .   F - +0 chain mail (curse)
rPois    .         Spirit   +   (no helmet)
rElec    .         Reflect  .   v - +0 cloak
rCorr    .         Harm     .   (no gloves)
MR       .....                  (no boots)
Stlth    ..........             (no amulet)
Regen    0.6/turn               (no ring)
MPRegen  0.2/turn               (no ring)

@: no status effects
A: fangs 2, regeneration 1, magic shield, antimagic bite, no potion heal 3, rot
immunity
a: no special abilities


You were on level 4 of the Dungeon.
You were not hungry.

You visited 1 branch of the dungeon, and saw 4 of its levels.

You collected 194 gold pieces.

Inventory:

Hand Weapons
 a - a +0 long sword (weapon)
Armour
 c - a +0 shield (worn)
 v - a +0 cloak (worn)
 F - a cursed +0 chain mail (worn)
Jewellery
 i - an uncursed ring of resist corrosion {unknown}
 o - a cursed -3 ring of strength {unknown}
 D - an uncursed ring of fire {unknown}
Wands
 y - a wand of confusion (16/48)
Scrolls
 e - 3 scrolls of remove curse {unknown}
 g - a scroll of magic mapping {unknown}
 l - a scroll of amnesia {unknown}
 n - 2 scrolls of fog {unknown}
 q - 2 scrolls of enchant weapon {unknown}
 t - a scroll of fear {unknown}
 u - 3 scrolls of identify {unknown}
 B - a scroll of teleportation {unknown}
 C - a scroll of random uselessness {unknown}
 E - a scroll of recharging {unknown}
Potions
 d - a potion of might
 j - a potion of degeneration {unknown}
 k - a potion of ambrosia {unknown}
 m - a potion of resistance {unknown}
 p - a potion of mutation {unknown}
 r - 2 potions of flight {unknown}
 s - 2 potions of curing {unknown}
 w - a potion of lignification {unknown}
 x - a potion of berserk rage {unknown}
 z - a potion of heal wounds {unknown}
 A - a potion of cancellation {unknown}
Comestibles
 b - 3 chunks of flesh
 f - 4 bread rations
 h - 2 royal jellies


   Skills:
 - Level 2.6 Fighting
 + Level 7.4 Long Blades
 - Level 2.4 Armour
 - Level 2.6 Shields


You had 6 spell levels left.
You didn't know any spells.

Dungeon Overview and Level Annotations

Branches:
Dungeon (4/15)
 Temple: D:4-7

Altars:
Vehumet
Zin

Shops:
D:4 =


Innate Abilities, Weirdness & Mutations

You have extremely sharp teeth.
Your natural rate of healing is unusually fast.
When hurt, damage is shared between your health and your magic reserves.
Your bite disrupts and absorbs the magic of your enemies.
Potions cannot restore your health.
You are immune to rotting.


Message History

The orc priest mumbles some strange prayers to Beogh against you.
Beogh smites you!
* * * LOW HITPOINT WARNING * * *
You hit the orc.
The orc is lightly wounded.
The orc hits you but does no damage.
The orc priest calls upon Beogh to heal the orc.
The orc's wounds heal themselves!
The orc hits you.
* * * LOW HITPOINT WARNING * * *
You closely miss the orc. Your bite misses the orc. The orc barely misses you.
You closely miss the orc. You bite the orc. You drain its power.
You feel invigorated.
The orc is severely wounded.
The orc hits you.
* * * LOW HITPOINT WARNING * * *
You slash the orc!
You kill the orc!
The orc priest calls down the wrath of Beogh upon you.
Beogh smites you!
You die...

# #......# #
#.####.# #
#.####)#### #
#.#....)..#### #
#.#.#..).....# #
#.#.#..##.##.# #
#.#.#......#.# #
#..........#.# #
###.###.#..#@#
######.........#)#
##.....#####...#o#
##.###.## ##.#.#_#
##.# ##.# #.##.#.#
#### ### ##...#.#
#####(# ..# #


You could see an orc priest.

Vanquished Creatures
  An ice beast (D:4)
  A crimson imp (D:4)
  An orc priest (D:4)
  A hound (D:4)
  9 orc wizards
  6 adders
  An adder skeleton (D:4)
  3 worms
  7 dart slugs
  A leopard gecko (D:2)
  20 orcs
  A ball python (D:3)
  6 bats
  2 giant cockroaches
  2 goblins
  10 hobgoblins
  10 jackals
  10 kobolds
  A quokka (D:2)
  5 frilled lizards
  A leopard gecko skeleton (D:4)
  10 rats
109 creatures vanquished.

Notes
Turn   | Place    | Note
-------+----------+-------------------------------------------
     0 | D:1      | polve the Vine Stalker Fighter began the quest for the Orb.
     0 | D:1      | Reached XP level 1. HP: 11/11 MP: 2/2
    45 | D:1      | Reached skill level 2 in Long Blades
   143 | D:1      | Reached XP level 2. HP: 16/16 MP: 3/3
   428 | D:1      | Reached skill level 3 in Long Blades
   653 | D:2      | Reached XP level 3. HP: 19/19 MP: 4/4
  1071 | D:2      | Gained mutation: Your natural rate of healing is unusually fast. [Vine Stalker growth]
  1071 | D:2      | Reached XP level 4. HP: 23/23 MP: 5/5
  1266 | D:2      | Reached skill level 4 in Long Blades
  1722 | D:3      | Reached XP level 5. HP: 27/27 MP: 6/6
  1981 | D:3      | Reached skill level 5 in Long Blades
  2520 | D:4      | Reached XP level 6. HP: 30/32 MP: 7/7
  2596 | D:4      | Found a radiant altar of Vehumet.
  2680 | D:4      | Noticed an ice beast
  2691 | D:4      | Killed an ice beast
  2691 | D:4      | Reached skill level 6 in Long Blades
  2727 | D:4      | Found Yniguph's Jewellery Emporium.
  2771 | D:4      | Reached XP level 7. HP: 24/35 MP: 8/8
  3094 | D:4      | Reached skill level 7 in Long Blades
  3171 | D:4      | Found a glowing silver altar of Zin.
  3196 | D:4      | Killed from afar by an orc priest

Skill      XL: |  1  2  3  4  5  6  7 |
---------------+----------------------+-----
Long Blades    | 2 3 4 5 6 7 |  7.4
Fighting       | |  2.6
Armour         | |  2.4
Shields        | |  2.6

Action                   |  1- 3 |  4- 6 |  7- 9 || total
-------------------------+-------+-------+-------++-------
Melee: Long sword        |    72 |   201 |    56 ||   329
       Bite              |    19 |    78 |    14 ||   111
  Eat: Chunk             |     1 |     5 |     2 ||     8
Armor: Scale mail        |    34 |    70 |       ||   104
       Chain mail        |       |     9 |    25 ||    34
Dodge: Dodged            |    30 |    43 |     6 ||    79
Block: Shield            |    27 |    83 |    14 ||   124
       Rpst.: Long sword |    11 |    15 |     3 ||    29
